Map: Odyssey LE

Players

Serral - Winner!

  • Race: Zerg Zerg
  • League: Master
  • Spawn Location: 5:00

LiquidSnute (Snute)

  • Race: Zerg Zerg
  • League: Master
  • Spawn Location: 11:00

Event: HomeStory Cup XV

VOD

Have the link to the VOD?

Description

Time

  • Played on: July 22, 2017, 10:56 a.m.
  • Length: 21:29

All games in this series

Show
View Real Time Build Order
Export as new Build Order

Serral Zerg - Winner!

Build Orders: Hatch First 

Get SALT Encoding   

  12  0:00  Drone  
  13  0:12  Overlord  
  13  0:17  Drone  
  14  0:31  Drone x2  
  14  0:35  Drone  
  17  0:52  Hatchery  
  17  0:54  Drone  
  17  0:57  Drone  
  18  1:08  Extractor  
  17  1:12  Spawning Pool  
  17  1:15  Drone  
  17  1:19  Drone  
  18  1:28  Drone  
  19  1:44  Overlord  
  19  1:59  Queen  
  19  2:00  Zergling x2  
  22  2:02  Zergling x2  
  22  2:04  Queen, Zergling x2  
  22  2:07  Metabolic Boost  
  26  2:11  Drone  
  26  2:15  Drone  
  28  2:24  Drone  
  28  2:27  Baneling Nest  
  28  2:28  Drone  
  29  2:34  Drone  
  30  2:37  Drone  
  31  2:44  Drone  
  32  2:53  Hatchery  
  32  2:57  Overlord  
  32  2:58  Zergling x2  
  32  3:02  Drone  
  32  3:05  Drone  
  34  3:09  Zergling x2  
  34  3:12  Drone  
  36  3:16  Overlord  
  35  3:21  Zergling x4  
  35  3:24  Zergling x2  
  35  3:25  Zergling x4  
  38  3:29  Baneling x3  
  38  3:38  Zergling x4  
  40  3:44  Overlord  
  40  3:46  Baneling x2  
  41  3:48  Drone  
  41  3:55  Drone  
  41  3:57  Overlord  
  41  3:58  Drone  
  41  3:59  Drone x2  
  43  4:03  Zergling x2  
  43  4:04  Drone  
  43  4:06  Drone x2  
  43  4:08  Queen  
  49  4:10  Drone  
  50  4:18  Drone x2  
  50  4:21  Baneling x2  
  50  4:24  Extractor  
  51  4:26  Roach Warren  
  51  4:27  Zergling x4  
  52  4:33  Extractor  
  52  4:35  Overlord  
  51  4:38  Drone x2  
  51  4:39  Drone x3  
  51  4:42  Overlord  
  55  4:51  Queen  
  54  4:54  Drone x3  
  56  5:04  Overlord  
  56  5:06  Baneling  
  56  5:09  Roach x4  
  64  5:19  Roach x4  
  71  5:27  Overlord  
  71  5:31  Roach x3  
  76  5:40  Roach x2  
  76  5:41  Roach x2  
  83  5:47  Overlord  
  83  5:49  Overlord  
  83  5:51  Roach x2  
  87  5:59  Roach x4  
  95  6:11  Zergling x2  
  95  6:12  Zergling x12  
  99  6:18  Zergling x6  
  99  6:19  Zergling x4  
  102  6:26  Evolution Chamber  
  102  6:28  Overlord  
  102  6:30  Ravager x3  
  102  6:31  Zergling x6  
  107  6:36  Ravager  
  107  6:38  Overlord  
  108  6:42  Zergling x10  
  91  7:03  Roach x8  
  105  7:18  Drone x3  
  105  7:19  Drone x3, Zerg Missile Weapons Level 1  
  109  7:25  Drone x2  
  109  7:26  Overlord  
  106  7:31  Roach x4  
  112  7:38  Roach x2  
  112  7:39  Roach  
  118  7:45  Drone x4  
  118  7:49  Extractor  
  118  7:51  Lair  
  121  7:52  Zergling x4  
  121  7:57  Overlord  
  123  7:59  Roach x2  
  123  8:02  Roach  
  129  8:07  Zergling x2, Roach  
  129  8:08  Zergling x10  
  137  8:15  Overlord x3  
  136  8:22  Ravager  
  137  8:28  Overlord  
  137  8:30  Drone  
  137  8:31  Drone x5  
  143  8:41  Overlord  
  143  8:44  Ravager  
  143  8:45  Extractor, Hatchery, Drone x5  
  147  8:54  Glial Reconstitution  
  147  9:07  Hatchery  
  147  9:09  Extractor  
  144  9:11  Spire  
  143  9:17  Overlord  
  143  9:18  Roach, Overlord  
  143  9:19  Roach x6  
  154  9:26  Roach x4  
  154  9:30  Zerg Missile Weapons Level 2  
  162  9:32  Overlord  
  162  9:36  Overlord  
  159  9:42  Overlord  
  159  9:43  Roach  
  159  9:44  Roach x2  
  164  10:07  Roach x6  
  164  10:08  Roach x6  
  186  10:23  Mutalisk  
  186  10:24  Mutalisk x3  
  186  10:27  Mutalisk  
  192  10:31  Overlord  
  192  10:34  Roach x2  
  193  10:53  Mutalisk x4  
  190  11:08  Roach x9  
  155  11:22  Roach  
  155  11:23  Roach x5  
  141  11:26  Hatchery  
  141  11:29  Roach  
  129  11:38  Ravager x2  
  129  11:39  Roach x3  
  137  11:45  Drone x3  
  140  11:52  Overseer  
  140  11:53  Overseer  
  140  11:55  Roach x7  
  140  12:00  Roach x2  
  158  12:03  Ravager  
  158  12:04  Ravager  
  160  12:24  Roach x10  
  180  12:36  Ravager x4  
  184  12:39  Queen  
  186  12:47  Roach x5  
  194  13:05  Overseer  
  194  13:10  Roach x3  
  199  13:27  Ravager  
  199  13:30  Overlord  
  200  13:35  Zerg Ground Armor Level 1  
  200  13:46  Roach  
  200  13:51  Overseer  
  200  13:53  Overseer  
  168  14:17  Roach  
  168  14:18  Roach x10  
  200  14:27  Centrifical Hooks  
  200  14:36  Zergling x24  
  200  14:51  Hatchery  
  200  14:52  Spine Crawler  
  198  14:53  Zergling x4  
  198  14:58  Baneling x23  
  198  14:59  Baneling  
  200  15:07  Burrow  
  200  15:08  Overseer  
  200  15:13  Overseer  
  200  15:16  Baneling x4  
  200  15:20  Overseer  
  200  15:36  Spore Crawler  
  200  15:38  Ravager  
  200  15:46  Zerg Ground Armor Level 2  
  200  15:47  Overseer  
  200  15:58  Pneumatized Carapace  
  198  16:24  Queen  
  200  16:26  Spine Crawler x3  
  200  16:28  Extractor  
  200  16:30  Drone x3  
  121  17:09  Roach x17  
  121  17:10  Roach  
  121  17:11  Overseer  
  121  17:13  Infestation Pit  
  121  17:15  Hydralisk Den  
  151  17:18  Overlord  
  151  17:20  Roach x18  
  151  17:21  Roach  
  189  17:23  Tunneling Claws  
  189  17:38  Roach x18  
  187  17:46  Muscular Augments  
  187  17:50  Drone x3  
  187  17:51  Extractor, Infestor x3  
  193  18:00  Roach x3  
  193  18:04  Hatchery  
  198  18:05  Overseer  
  198  18:14  Roach x2  
  196  18:36  Overlord  
  196  18:54  Hive  
  192  18:58  Overlord  
  192  19:05  Ravager x5  
  192  19:06  Roach x6  
  197  19:12  Roach x2  
  191  19:29  Roach x5  
  198  19:35  Roach  
  200  19:42  Roach x8  
  144  20:00  Roach x13  
  144  20:01  Roach x9  
  144  20:06  Roach x7  
  144  20:07  Roach x7  
  180  20:11  Overlord  
  180  20:13  Roach x3  
  174  20:16  Extractor x2  
  147  20:28  Roach  
  147  20:29  Roach x4  
  125  20:46  Roach  
  125  20:49  Queen, Roach x23  
  111  20:50  Queen x2  
  111  20:51  Roach x15  
  117  21:01  Drone x3  
  117  21:02  Hydralisk x2  
Show
View Real Time Build Order
Export as new Build Order

LiquidSnute Zerg 

Build Orders: Hatch First, Zergling Baneling 

Get SALT Encoding   

  12  0:00  Drone  
  13  0:12  Overlord  
  13  0:16  Drone  
  14  0:30  Drone x2  
  14  0:34  Drone  
  17  0:51  Hatchery  
  17  0:54  Drone  
  17  0:57  Drone  
  17  1:00  Extractor  
  17  1:13  Spawning Pool  
  17  1:16  Drone  
  17  1:19  Drone  
  18  1:28  Drone  
  19  1:39  Drone  
  20  1:55  Hatchery  
  20  2:00  Metabolic Boost  
  19  2:04  Queen  
  21  2:08  Drone  
  21  2:11  Drone  
  21  2:14  Zergling x2  
  24  2:17  Zergling x2  
  25  2:24  Baneling Nest  
  25  2:27  Zergling x2  
  25  2:31  Zergling x2  
  25  2:36  Overlord  
  26  2:39  Drone  
  27  2:47  Overlord  
  27  2:48  Drone  
  28  2:55  Drone x2  
  28  2:56  Drone  
  31  3:04  Zergling x2  
  32  3:09  Drone x2  
  34  3:13  Drone x2  
  34  3:14  Drone  
  34  3:15  Drone  
  37  3:23  Drone x2  
  39  3:29  Baneling x2  
  39  3:31  Baneling  
  39  3:35  Drone x3  
  39  3:36  Drone  
  39  3:40  Queen  
  45  3:43  Drone x2  
  45  3:48  Drone  
  47  3:58  Zergling x6  
  47  4:02  Zergling x2  
  49  4:03  Overlord  
  49  4:05  Overlord  
  49  4:07  Roach Warren  
  48  4:10  Overlord  
  48  4:13  Zergling x2  
  48  4:16  Baneling x2  
  49  4:19  Baneling x2  
  49  4:21  Queen  
  49  4:23  Drone x4  
  55  4:34  Baneling  
  55  4:38  Zergling x12  
  60  4:43  Drone x2  
  62  4:47  Extractor  
  62  4:49  Roach x2  
  62  4:50  Drone  
  62  4:51  Drone x2  
  57  4:53  Drone  
  57  4:57  Drone x4  
  62  5:03  Drone  
  61  5:07  Drone x2  
  63  5:14  Roach  
  63  5:20  Drone x2  
  67  5:26  Drone x6  
  73  5:31  Overlord  
  73  5:32  Overlord  
  73  5:35  Extractor, Roach  
  72  5:36  Overlord  
  72  5:42  Overlord  
  72  5:44  Overlord  
  72  5:47  Overlord  
  72  5:50  Roach  
  72  5:51  Roach x2  
  72  5:52  Roach  
  72  5:55  Roach  
  82  6:00  Extractor  
  81  6:05  Roach x8  
  81  6:10  Overlord  
  97  6:16  Overlord  
  98  6:18  Roach  
  98  6:19  Roach x2  
  102  6:31  Roach x5  
  112  6:35  Roach x3  
  112  6:37  Roach  
  112  6:38  Zergling x2  
  112  6:39  Zergling x10  
  125  6:44  Roach  
  127  6:53  Roach x3  
  125  7:02  Ravager  
  125  7:03  Roach  
  125  7:04  Roach x2  
  131  7:12  Zergling x6  
  134  7:18  Zergling x6  
  134  7:22  Overlord  
  136  7:23  Lair  
  136  7:27  Evolution Chamber  
  136  7:28  Drone x3  
  136  7:29  Drone  
  137  7:37  Overlord x2  
  137  7:39  Hatchery  
  137  7:41  Ravager  
  137  7:42  Ravager x3  
  141  7:44  Ravager  
  141  7:47  Drone x5  
  141  7:48  Overlord  
  146  7:52  Overlord  
  146  7:56  Drone  
  146  7:57  Drone x4  
  151  8:08  Roach  
  151  8:09  Roach x4  
  161  8:13  Roach x3  
  161  8:21  Roach x4  
  161  8:25  Zerg Missile Weapons Level 1  
  167  8:29  Extractor  
  167  8:30  Roach x3  
  167  8:31  Extractor  
  171  8:51  Roach x2  
  171  8:52  Overlord x2  
  171  8:53  Overlord  
  171  8:54  Glial Reconstitution  
  169  9:12  Roach x10  
  189  9:22  Roach x3  
  195  9:38  Roach x3  
  200  9:47  Pneumatized Carapace  
  200  10:20  Zerg Missile Weapons Level 2  
  199  10:22  Ravager  
  200  10:29  Burrow  
  188  11:04  Hydralisk Den  
  188  11:07  Roach x10  
  173  11:17  Roach x2  
  173  11:18  Roach x25  
  194  11:23  Roach  
  161  11:30  Spore Crawler  
  161  11:32  Spore Crawler  
  132  11:34  Spore Crawler  
  132  11:35  Hydralisk x4, Muscular Augments  
  132  11:37  Spore Crawler  
  136  11:40  Hydralisk x4  
  144  11:50  Roach x2  
  144  11:55  Hydralisk x4  
  151  12:04  Hydralisk x6  
  151  12:05  Roach x2  
  163  12:12  Roach x3  
  163  12:17  Hydralisk x3  
  163  12:21  Hydralisk  
  163  12:22  Hydralisk x3  
  169  12:27  Hydralisk  
  169  12:35  Roach x2  
  169  12:36  Roach  
  175  12:42  Roach  
  175  12:43  Roach x2  
  175  12:50  Roach x4  
  175  12:51  Roach x8  
  187  12:56  Roach x2  
  191  13:06  Roach  
  191  13:07  Roach x3  
  191  13:11  Roach x6  
  199  13:20  Ravager  
  199  13:22  Roach  
  199  13:24  Roach x6  
  196  13:32  Unknown x2  
  192  13:35  Roach x4  
  192  13:36  Roach  
  198  13:43  Roach x2  
  198  13:45  Roach x2  
  198  13:56  Unknown  
  188  14:13  Roach x5  
  188  14:14  Roach x10  
  188  14:16  Roach  
  188  14:17  Roach x13  
  192  14:27  Infestation Pit  
  192  14:29  Zerg Ground Armor Level 1  
  191  14:31  Roach x50  
  191  14:45  Overlord x2  
  189  14:48  Overlord x2  
  189  14:52  Overlord  
  189  14:53  Ravager  
  189  14:54  Ravager x2  
  192  15:00  Overlord  
  192  15:04  Infestor  
  194  15:09  Infestor  
  196  15:23  Overseer  
  196  15:33  Ravager x2  
  196  15:34  Ravager  
  199  15:37  Extractor  
  199  15:45  Extractor  
  199  15:47  Roach  
  198  15:51  Spine Crawler  
  198  15:54  Roach x6  
  198  15:55  Spine Crawler  
  196  16:03  Ravager x3  
  196  16:04  Ravager  
  200  16:08  Ravager  
  196  16:27  Zerg Ground Armor Level 2  
  129  16:54  Roach x5  
  129  16:55  Roach x12  
  120  17:01  Roach  
  120  17:02  Roach x2  
  120  17:08  Roach x3  
  132  17:11  Roach  
  132  17:12  Roach  
  135  17:23  Roach  
  135  17:24  Roach x5  
  135  17:26  Extractor  
  135  17:27  Roach  
  135  17:29  Roach x2  
  148  17:30  Overseer  
  148  17:34  Roach x2  
  152  17:38  Roach  
  152  17:41  Hatchery  
  153  17:45  Roach x4  
  161  17:51  Roach  
  161  17:52  Roach x2  
  167  17:58  Roach  
  167  17:59  Roach x2  
  169  18:09  Roach x5  
  179  18:15  Drone x3  
  179  18:18  Ravager  
  179  18:19  Roach x2  
  187  18:24  Roach x2  
  187  18:25  Roach  
  187  18:26  Roach  
  193  18:33  Roach  
  193  18:34  Roach  
  197  18:39  Roach  
  197  18:41  Ravager  
  200  18:48  Ravager  
  194  18:57  Roach  
  194  18:58  Roach x2  
  197  19:17  Unknown x4  
  197  19:30  Overseer  
  191  19:38  Ravager  
  191  19:39  Ravager x2  
  191  19:40  Ravager  
  191  19:41  Ravager  
  191  19:43  Unknown  
  191  19:45  Unknown x3  
  137  20:03  Roach x9  
  136  20:14  Roach  
  136  20:15  Roach  
  132  20:40  Roach x3  
  107  20:44  Roach  
  64  20:51  Roach  
  66  20:57  Roach x3  
  66  20:59  Roach  
  66  21:02  Roach  
  70  21:06  Roach  
  70  21:10  Ravager x2  
  70  21:11  Ravager  
Tags
 
Add a new tag
Caveats
  • Supply blocks, unpowered buildings, or Contaminate may cause inaccurate times.
  • Supply counts are checked every 10 seconds.